[Event "Titled Tuesday Blitz August 22 Early 2023"]
[White "Kovalev, Vladislav"]
[Black "Nihal Sarin"]
[WhiteFideId "13504398"]
[BlackFideId "25092340"]
[WhiteElo "2906"]
[BlackElo "3130"]
[Result "0-1"]
[Round "4"]
[TimeControl "180+1"]
[Date "2023.08.22"]
[WhiteClock "0:00:00"]
[BlackClock "0:00:27"]
[Board "2"]

1. e4 b6 2. d4 Bb7 3. Bd3 e6 4. Qe2 Nf6 5. Nf3 d5 6. e5 Nfd7 7. Nbd2 c5 8. c3 Be7 9. Nf1 Qc8 10. Ng3 Ba6 11. O-O Bxd3 12. Qxd3 Qa6 13. Qe3 Nc6 14. Bd2 O-O 15. Nh5 Rfc8 16. Rfe1 Bf8 17. Qf4 Qd3 18. Re3 Qg6 19. g4 Ne7 20. Rc1 cxd4 21. Nxd4 Nc5 22. Qf3 Ne4 23. Be1 Qg5 24. Qe2 Nc6 25. Nxc6 Rxc6 26. Ng3 Bc5 27. Rxe4 Qxc1 28. Ra4 b5 29. Ra5 a6 30. Kg2 Bb6 31. Ra3 Rc4 32. h3 h6 33. Rb3 Rac8 34. Bd2 Qc2 35. Be1 Qxe2 36. Nxe2 Re4 37. Kf1 Rxe5 38. f3 Re3 0-1


[Site "https://www.chess.com"]

[Event "Titled Tuesday Blitz August 22 Early 2023"]
[White "So, Wesley"]
[Black "Tahbaz, Arash"]
[WhiteFideId "5202213"]
[BlackFideId "12528846"]
[WhiteElo "3113"]
[BlackElo "2903"]
[Result "1/2-1/2"]
[Round "4"]
[TimeControl "180+1"]
[Date "2023.08.22"]
[WhiteClock "0:00:15"]
[BlackClock "0:00:07"]
[Board "3"]

1. d4 d5 2. c4 e6 3. Nc3 Nf6 4. cxd5 exd5 5. Bg5 c6 6. e3 h6 7. Bh4 Be7 8. Bd3 O-O 9. h3 Ne8 10. Bg3 Nd6 11. Nge2 Re8 12. O-O Bf8 13. Qd2 Bf5 14. f3 Nd7 15. Rae1 Bxd3 16. Qxd3 b5 17. e4 b4 18. Bxd6 Bxd6 19. Na4 Nb6 20. Nxb6 axb6 21. exd5 cxd5 22. Qb3 Qg5 23. f4 Bxf4 24. Nxf4 Rxe1 25. Rxe1 Qxf4 26. Qxd5 Rc8 27. Qd7 Rc2 28. Rf1 Rc1 29. Rxc1 Qxc1+ 30. Kh2 Qf4+ 31. Kh1 Qc1+ 32. Kh2 Qxb2 33. Qc8+ Kh7 34. Qf5+ Kg8 35. d5 Qd4 36. Qc8+ Kh7 37. Qf5+ Kg8 38. Qc8+ Kh7 39. Qf5+ Kg8 1/2-1/2


[Site "https://www.chess.com"]

[Event "Titled Tuesday Blitz August 22 Early 2023"]
[White "Rasulov, Vugar"]
[Black "Firouzja, Alireza"]
[WhiteFideId "13402390"]
[BlackFideId "12573981"]
[WhiteElo "2890"]
[BlackElo "3109"]
[Result "0-1"]
[Round "4"]
[TimeControl "180+1"]
[Date "2023.08.22"]
[WhiteClock "0:00:02"]
[BlackClock "0:01:00"]
[Board "4"]

1. Nf3 Nf6 2. c4 g6 3. g3 Bg7 4. Bg2 O-O 5. O-O d6 6. Nc3 Nbd7 7. d3 c6 8. Rb1 a5 9. a3 e5 10. b4 axb4 11. axb4 d5 12. b5 d4 13. bxc6 bxc6 14. Na4 Re8 15. Bg5 Qa5 16. Ra1 e4 17. Bd2 exf3 18. Bxa5 fxg2 19. Re1 Rxa5 20. Qd2 Rae5 21. Rab1 Nf8 22. Kxg2 Bg4 23. f3 Bf5 24. h3 g5 25. Nb2 Ne6 26. Nd1 h5 27. Nf2 h4 28. Ne4 hxg3 29. Kg1 Bxe4 30. dxe4 Nh5 31. Rb6 Rc5 32. Qb4 Nhf4 33. Rb8 Rxb8 34. Qxb8+ Kh7 35. Qe8 Kg6 36. Rb1 Rxc4 37. h4 gxh4 0-1


[Site "https://www.chess.com"]

[Event "Titled Tuesday Blitz August 22 Early 2023"]
[White "Erigaisi Arjun"]
[Black "Harsh Suresh"]
[WhiteFideId "35009192"]
[BlackFideId "45018464"]
[WhiteElo "3060"]
[BlackElo "2882"]
[Result "1-0"]
[Round "4"]
[TimeControl "180+1"]
[Date "2023.08.22"]
[WhiteClock "0:00:25"]
[BlackClock "0:00:06"]
[Board "5"]

1. c4 e5 2. Nc3 Bb4 3. e3 Bxc3 4. bxc3 d6 5. d4 Ne7 6. e4 O-O 7. Nf3 Nd7 8. Bd3 b6 9. a4 a5 10. O-O Ba6 11. Be3 Ng6 12. g3 Qe7 13. h4 Qe8 14. h5 Ne7 15. g4 f6 16. Kg2 Qf7 17. Qe2 g5 18. hxg6 hxg6 19. Rh1 g5 20. Rh5 Kg7 21. Rah1 Rh8 22. c5 Bxd3 23. Qxd3 Ng6 24. c6 Ndf8 25. d5 Rxh5 26. gxh5 Nf4+ 27. Bxf4 gxf4 28. Nh4 Nh7 29. Kf1 Kh8 30. Ng6+ Kg7 31. f3 Ng5 32. Ke2 Kh6 33. c4 Kh7 34. Qb1 Qe8 35. Qg1 Qc8 36. Nh4 Qe8 37. Qg4 Qf7 38. Qf5+ Kh6 39. Qg4 Rg8 40. Qf5 Rf8 41. Rh2 Rg8 42. Kd3 Rf8 43. Kd2 Rg8 44. Ke2 Rf8 45. Qg6+ Qxg6 46. hxg6 Kg7 47. Rh1 Re8 48. c5 dxc5 49. d6 cxd6 50. Nf5+ Kxg6 51. Rh6+ Kf7 52. Nxd6+ Kg7 53. Nxe8+ Kxh6 54. c7 Ne6 55. c8=Q Nd4+ 56. Kf2 Kg5 57. Qg4+ Kh6 58. Nxf6 c4 59. Ng8+ Kh7 60. Ne7 Kh6 61. Qg6# 1-0


[Site "https://www.chess.com"]

[Event "Titled Tuesday Blitz August 22 Early 2023"]
[White "Cordova, Emilio"]
[Black "Bortnyk, Olexandr"]
[WhiteFideId "3801497"]
[BlackFideId "14120828"]
[WhiteElo "2871"]
[BlackElo "3057"]
[Result "0-1"]
[Round "4"]
[TimeControl "180+1"]
[Date "2023.08.22"]
[WhiteClock "0:00:13"]
[BlackClock "0:00:09"]
[Board "6"]

1. Nf3 Nf6 2. e3 b6 3. c4 Bb7 4. Nc3 g6 5. d4 Bg7 6. Be2 O-O 7. O-O e6 8. b3 d5 9. Bb2 Re8 10. Rc1 c6 11. Ne5 Nbd7 12. f4 Qe7 13. Bd3 a6 14. Qe2 c5 15. Rfe1 dxc4 16. bxc4 cxd4 17. exd4 Rac8 18. Nd1 Red8 19. Nf2 Qb4 20. a3 Qa4 21. Nh3 Bh6 22. Nxf7 Kxf7 23. Ng5+ Kg7 24. Nxe6+ Kg8 25. d5 Re8 26. f5 Bxc1 27. Rxc1 Bxd5 28. cxd5 Rxc1+ 29. Bxc1 Nxd5 30. fxg6 hxg6 31. Bxg6 Re7 32. Bg5 N7f6 33. Bf5 Qxa3 34. h4 Qc5+ 35. Kh1 Nf4 36. Qa2 Qxf5 37. Nxf4+ Kh7 38. Qxa6 Re1+ 39. Kh2 Ng4+ 40. Kg3 Re3# 0-1


[Site "https://www.chess.com"]

[Event "Titled Tuesday Blitz August 22 Early 2023"]
[White "Mekhitarian, Krikor Sevag"]
[Black "Dubov, Daniil"]
[WhiteFideId "2107660"]
[BlackFideId "24126055"]
[WhiteElo "2863"]
[BlackElo "3042"]
[Result "1-0"]
[Round "4"]
[TimeControl "180+1"]
[Date "2023.08.22"]
[WhiteClock "0:00:07"]
[BlackClock "0:00:01"]
[Board "7"]

1. Nf3 d5 2. c4 d4 3. b4 c5 4. Bb2 Nf6 5. g3 Qc7 6. Bg2 e5 7. O-O cxb4 8. e3 Bg4 9. exd4 e4 10. Qe1 Be7 11. Ne5 Bf5 12. h3 O-O 13. g4 Bg6 14. g5 Nh5 15. Nxg6 fxg6 16. Qxe4 Nc6 17. d5 Bd6 18. dxc6 Kh8 19. cxb7 Rae8 20. Qc6 Qe7 21. d3 Nf4 22. Nd2 Qxg5 23. Kh1 Nxd3 24. Ne4 Rxe4 25. Qxe4 Nxb2 26. f4 Qf6 27. Rab1 Na4 28. Qc6 Nc3 29. Rbe1 h5 30. Re8 Kh7 31. Rxf8 Qxf8 32. f5 gxf5 33. c5 Be5 34. Qe6 Qb8 35. Rxf5 Bf6 36. Rxh5+ Kg6 37. Qg4+ Kf7 38. Bd5+ Nxd5 39. Qc4 Qxb7 40. Qxd5+ Qxd5+ 41. Rxd5 Ke6 42. Rd6+ Ke5 43. Ra6 Kd5 44. Rxa7 Kxc5 45. Kg2 Kc4 46. Kf3 Bd4 47. Rc7+ Kd3 48. Rd7 Kc4 49. Ke4 Bc3 50. Rc7+ Kb5 51. Kd5 Ka4 52. Kc4 Ka3 53. Ra7+ Kb2 54. Ra6 Kc2 55. h4 Kb2 56. h5 Kc2 57. Rg6 Kb2 58. Rg2+ Ka3 59. Rc2 Bf6 60. Rf2 Bc3 61. Rg2 Bf6 62. Rg3+ Bc3 63. Rxc3+ bxc3 64. Kxc3 Kxa2 65. Kd4 Kb3 66. Ke5 g6 67. hxg6 1-0


[Site "https://www.chess.com"]

[Event "Titled Tuesday Blitz August 22 Early 2023"]
[White "Elsa167"]
[Black "Martinez Alcantara, Jose Eduardo"]
[BlackFideId "3805662"]
[WhiteElo "2862"]
[BlackElo "3037"]
[Result "1/2-1/2"]
[Round "4"]
[TimeControl "180+1"]
[Date "2023.08.22"]
[WhiteClock "0:00:16"]
[BlackClock "0:00:41"]
[Board "8"]

1. e4 c5 2. Nf3 d6 3. d4 cxd4 4. Qxd4 Nc6 5. Bb5 Bd7 6. Bxc6 Bxc6 7. Nc3 Nf6 8. Bg5 e6 9. O-O-O Be7 10. Rhe1 O-O 11. e5 dxe5 12. Nxe5 Qxd4 13. Rxd4 Rfc8 14. Nxc6 Rxc6 15. Ne4 Rac8 16. c3 Kf8 17. Nxf6 gxf6 18. Bh6+ Ke8 19. Rg4 Bf8 20. Be3 Bc5 21. Rh4 Bxe3+ 22. Rxe3 Ke7 23. Rxh7 Rd8 24. Kc2 Rcd6 25. Re2 Rd1 26. Rh4 Rg1 27. g3 Rd5 28. Ra4 a5 29. Rc4 b5 30. Rc7+ Kf8 31. Rb7 Rf1 32. f4 a4 33. Rd2 Rxd2+ 34. Kxd2 Rf2+ 35. Kc1 Rf1+ 36. Kc2 Rf2+ 37. Kc1 Rf1+ 38. Kc2 Rf2+ 39. Kc1 1/2-1/2


[Site "https://www.chess.com"]

[Event "Titled Tuesday Blitz August 22 Early 2023"]
[White "Hambleton, Aman"]
[Black "Sadhwani, Raunak"]
[WhiteFideId "2606577"]
[BlackFideId "35093487"]
[WhiteElo "2860"]
[BlackElo "3025"]
[Result "0-1"]
[Round "4"]
[TimeControl "180+1"]
[Date "2023.08.22"]
[WhiteClock "0:00:00"]
[BlackClock "0:00:23"]
[Board "9"]

1. d4 Nf6 2. Bf4 g6 3. e3 Bg7 4. h3 O-O 5. Nf3 d6 6. c3 b6 7. Bh2 Bb7 8. a4 a6 9. Bd3 c5 10. Nbd2 cxd4 11. exd4 Nbd7 12. O-O Nd5 13. Re1 Re8 14. Qb3 Bh6 15. Bc4 N7f6 16. Ne4 Rf8 17. Nxf6+ Nxf6 18. Qd1 Qc7 19. Bd3 Rfe8 20. Bg3 Nh5 21. Bh4 e5 22. dxe5 dxe5 23. Bf1 Nf4 24. Bf6 Bg7 25. Bg5 Ne6 26. Be3 Nc5 27. Nd2 Rad8 28. Qc2 f5 29. f3 e4 30. fxe4 Nxe4 31. Nf3 Kh8 32. Bd4 Bxd4+ 33. Nxd4 Rxd4 34. Rad1 Rxd1 35. Rxd1 Rd8 36. Qc1 Qc5+ 37. Kh2 Qe5+ 38. Kg1 Qc5+ 39. Kh2 Rxd1 40. Qxd1 Qd6+ 41. Qxd6 Nxd6 42. Kg3 Kg7 43. Kf4 Kf6 44. h4 a5 45. b4 h6 46. Ke3 Ke5 47. g3 g5 48. hxg5 hxg5 49. Bd3 f4+ 50. gxf4+ gxf4+ 51. Kd2 Bc6 52. c4 axb4 0-1


[Site "https://www.chess.com"]

[Event "Titled Tuesday Blitz August 22 Early 2023"]
[White "Le, Tuan Minh"]
[Black "Ibrahimli, Murad"]
[WhiteFideId "12401153"]
[BlackFideId "13410229"]
[WhiteElo "3013"]
[BlackElo "2858"]
[Result "0-1"]
[Round "4"]
[TimeControl "180+1"]
[Date "2023.08.22"]
[WhiteClock "0:00:00"]
[BlackClock "0:00:22"]
[Board "10"]

1. d4 Nf6 2. Nf3 c5 3. c3 e6 4. Bf4 Qb6 5. Qc2 Nc6 6. e3 cxd4 7. exd4 Be7 8. Nbd2 d6 9. Bd3 Qd8 10. h3 O-O 11. O-O b6 12. Rfe1 Bb7 13. Rad1 Rc8 14. Qb1 Re8 15. Ng5 g6 16. Nge4 Nxe4 17. Nxe4 Na5 18. Qc1 Bxe4 19. Rxe4 Bf6 20. Rde1 Qd7 21. Bg3 Bg7 22. h4 h5 23. Bf4 Nc4 24. Bxc4 Rxc4 25. Bh6 b5 26. a3 a5 27. Bxg7 Kxg7 28. Qg5 b4 29. axb4 axb4 30. R1e3 bxc3 31. bxc3 Qd8 32. Qg3 Ra4 33. Rf3 e5 34. Kh2 exd4 35. Ref4 Rf8 36. cxd4 f5 37. Rb3 Rf7 38. Qe3 Qf6 39. g3 Re7 40. Qc3 Ra2 41. Kg2 Qe6 42. d5+ Qe5 43. Qxe5+ Rxe5 44. Rb5 Rd2 45. Rb7+ Kf6 46. Rd7 Rexd5 47. Rc4 Ra5 48. Rcc7 Raa2 49. Kf3 Rxf2+ 50. Ke3 Rae2+ 51. Kd4 Re4+ 52. Kd5 Rd2+ 53. Kc6 Rc4+ 54. Kb5 Rxc7 55. Rxc7 f4 56. gxf4 Rd4 57. Rd7 Rxf4 58. Rxd6+ Kg7 0-1


[Site "https://www.chess.com"]

[Event "Titled Tuesday Blitz August 22 Early 2023"]
[White "Van Foreest, Jorden"]
[Black "Maksimovic, Bojan"]
[WhiteFideId "1039784"]
[BlackFideId "14408120"]
[WhiteElo "3007"]
[BlackElo "2857"]
[Result "0-1"]
[Round "4"]
[TimeControl "180+1"]
[Date "2023.08.22"]
[WhiteClock "0:00:00"]
[BlackClock "0:00:04"]
[Board "11"]

1. Nf3 Nf6 2. b3 g6 3. Bb2 Bg7 4. g3 d6 5. d4 c5 6. Bg2 Qa5+ 7. Qd2 Qxd2+ 8. Nbxd2 Na6 9. O-O O-O 10. c4 Bd7 11. Rac1 Rab8 12. a4 Rfd8 13. Rfd1 Bg4 14. h3 Bxf3 15. Nxf3 Nd7 16. e3 Nb4 17. Bc3 Nc6 18. Kf1 h6 19. h4 Kf8 20. Bh3 b6 21. Ke2 a6 22. Rd2 cxd4 23. exd4 b5 24. Bxd7 Rxd7 25. d5 Nd8 26. Bxg7+ Kxg7 27. cxb5 axb5 28. a5 b4 29. Nd4 Ra7 30. Ra2 Rba8 31. Nc6 Nxc6 32. dxc6 Kf8 33. Kd3 Ra6 34. Ra4 Rc8 35. Rxb4 Rxa5 36. Rb6 Ke8 37. b4 Ra7 38. b5 Kd8 39. Ra6 Rxa6 40. bxa6 Kc7 41. Rb1 Kxc6 42. Rb7 Re8 43. Kc4 f5 44. f3 g5 45. h5 d5+ 46. Kd3 e5 47. Rh7 e4+ 48. fxe4 dxe4+ 49. Ke3 f4+ 50. gxf4 gxf4+ 51. Ke2 e3 52. Rxh6+ Kd5 53. Rf6 Ke4 54. a7 Ra8 55. Rf7 f3+ 0-1


[Site "https://www.chess.com"]

[Event "Titled Tuesday Blitz August 22 Early 2023"]
[White "Kravtsiv, Martyn"]
[Black "Tabatabaei, M. Amin"]
[WhiteFideId "14113147"]
[BlackFideId "12521213"]
[WhiteElo "2854"]
[BlackElo "3001"]
[Result "1-0"]
[Round "4"]
[TimeControl "180+1"]
[Date "2023.08.22"]
[WhiteClock "0:00:22"]
[BlackClock "0:00:15"]
[Board "12"]

1. e4 c6 2. Nf3 d5 3. d3 dxe4 4. dxe4 Qxd1+ 5. Kxd1 Nf6 6. Nbd2 g6 7. Ne5 Bh6 8. f3 O-O 9. Nb3 Bxc1 10. Kxc1 Nbd7 11. Nc4 b6 12. a4 Ba6 13. a5 Bxc4 14. Bxc4 b5 15. Be2 a6 16. Kd2 c5 17. Ke3 c4 18. Nc1 Rfd8 19. Na2 Nc5 20. Nb4 Nb7 21. f4 e5 22. fxe5 Nd7 23. e6 fxe6 24. Nc6 Rf8 25. Rhd1 Rf7 26. Bg4 Re8 27. b4 h5 28. Bf3 Rc8 29. e5 Kf8 30. Be4 g5 31. Rf1 Nd8 32. Rxf7+ Nxf7 33. Rf1 Kg7 34. Nd4 Ndxe5 35. Nxe6+ Kg8 36. h3 c3 37. Bd5 Kh7 38. Ke4 Re8 39. Rf6 Re7 40. Kd4 h4 41. Kxc3 Nd7 42. Rxf7+ 1-0


[Site "https://www.chess.com"]

[Event "Titled Tuesday Blitz August 22 Early 2023"]
[White "Xiong, Jeffery"]
[Black "Bachmann, Axel"]
[WhiteFideId "2047640"]
[BlackFideId "3700488"]
[WhiteElo "2997"]
[BlackElo "2850"]
[Result "1/2-1/2"]
[Round "4"]
[TimeControl "180+1"]
[Date "2023.08.22"]
[WhiteClock "0:00:36"]
[BlackClock "0:00:11"]
[Board "13"]

1. d4 Nf6 2. c4 c5 3. d5 e6 4. Nc3 exd5 5. cxd5 d6 6. e4 g6 7. Be2 Bg7 8. Nf3 O-O 9. Nd2 Re8 10. O-O a6 11. a4 Nbd7 12. Re1 Ne5 13. h3 g5 14. Nf1 g4 15. hxg4 Nfxg4 16. Bxg4 Bxg4 17. f3 Bd7 18. Bf4 f5 19. Bh2 c4 20. Ne3 Qb6 21. Kh1 Nd3 22. Re2 Qc5 23. Qd2 b5 24. exf5 Bxf5 25. Nxf5 Rxe2 26. Qxe2 Nf2+ 27. Kg1 Ng4+ 28. Kh1 Nf2+ 29. Kg1 Ng4+ 30. Kh1 Nf2+ 1/2-1/2


[Site "https://www.chess.com"]

[Event "Titled Tuesday Blitz August 22 Early 2023"]
[White "Svane, Rasmus"]
[Black "Piorun, Kacper"]
[WhiteFideId "4657101"]
[BlackFideId "1130420"]
[WhiteElo "2981"]
[BlackElo "2845"]
[Result "1-0"]
[Round "4"]
[TimeControl "180+1"]
[Date "2023.08.22"]
[WhiteClock "0:01:41"]
[BlackClock "0:00:21"]
[Board "14"]

1. Nf3 g6 2. e4 Bg7 3. d4 c5 4. c4 d6 5. d5 e6 6. Bd3 exd5 7. exd5 Ne7 8. h3 O-O 9. O-O Bf5 10. Nc3 Bxc3 11. bxc3 Bxd3 12. Qxd3 Qd7 13. Re1 Na6 14. Bh6 Rfe8 15. g4 Kh8 16. Bf4 Ng8 17. Ng5 Nf6 18. Qg3 Rxe1+ 19. Rxe1 Ne8 20. Ne4 Rd8 21. Bg5 f6 22. Nxf6 Qf7 23. Nxe8 Rxe8 24. Rxe8+ Qxe8 25. Qxd6 Kg7 26. Qf6+ Kg8 27. Bh6 1-0


[Site "https://www.chess.com"]

[Event "Titled Tuesday Blitz August 22 Early 2023"]
[White "Dvirnyy, Danyyil"]
[Black "Kevlishvili, Robby"]
[WhiteFideId "817570"]
[BlackFideId "1040634"]
[WhiteElo "2836"]
[BlackElo "2978"]
[Result "1/2-1/2"]
[Round "4"]
[TimeControl "180+1"]
[Date "2023.08.22"]
[WhiteClock "0:00:08"]
[BlackClock "0:00:07"]
[Board "15"]

1. d4 Nf6 2. c4 e6 3. Nc3 Bb4 4. Nf3 b6 5. g3 Bb7 6. Bg2 Bxc3+ 7. bxc3 O-O 8. O-O Nc6 9. c5 Na5 10. Bg5 h6 11. Bh4 Bxf3 12. Bxf6 Qxf6 13. Bxf3 Rac8 14. Qa4 d6 15. Rac1 dxc5 16. dxc5 Qe7 17. cxb6 cxb6 18. c4 Rc5 19. Rfd1 Rfc8 20. Rd7 Qg5 21. Qd1 Nxc4 22. Rxa7 Rd8 23. Qe1 Nd2 24. Rxc5 Qxc5 25. Kg2 Qc2 26. Rb7 Nxf3 27. exf3 Qxa2 28. Rxb6 Rd2 29. Rb8+ Kh7 30. Qe4+ g6 31. Qe3 Qc2 32. h4 h5 33. Qa7 Kg7 34. Rb7 Qf5 35. Qa1+ Kh7 36. Rb8 e5 37. Qa4 Rd3 38. Qa8 Qf6 39. Qe4 Rd4 40. Qe3 Rd6 41. Rb7 Re6 42. Qe4 Kg7 43. Rb8 Kh7 44. Qb4 Rd6 45. Rb7 Kg7 46. Qc5 Rd3 47. Rb8 Qxf3+ 48. Kh2 Qf6 49. Qf8+ Kh7 50. Qg8+ Kh6 51. Kg2 Qc6+ 52. Kh2 Qf6 53. Kg2 Rf3 54. Qh8+ Qxh8 55. Rxh8+ Kg7 56. Re8 Rf5 57. Re7 Kf6 58. Ra7 g5 59. Ra6+ Kg7 60. hxg5 Rxg5 61. Kh3 Rg6 62. Ra5 Re6 63. f3 Kg6 64. Kg2 f6 65. Ra8 Re7 66. Rg8+ Rg7 67. Ra8 Kf5 68. Ra4 Rc7 69. Kf2 Rc2+ 70. Kf1 Rc3 71. Kf2 Rc2+ 72. Kf1 Rh2 73. Kg1 Rd2 74. Kf1 Kg5 75. Rb4 f5 76. Rb8 f4 77. Rg8+ Kf5 78. Rf8+ Kg5 79. Rg8+ Kh6 80. gxf4 exf4 81. Kg1 Rb2 82. Kf1 Rb6 83. Kf2 Rg6 84. Rf8 Kg5 85. Rh8 Rg7 86. Kg2 Kh4+ 87. Kf2 Ra7 88. Rg8 Ra2+ 89. Kg1 Kh3 90. Rg7 h4 91. Rg6 Ra1+ 92. Kf2 Ra2+ 93. Kf1 Rb2 94. Rg7 Kh2 95. Rg6 Rb1+ 96. Kf2 h3 97. Rg4 Rb2+ 98. Kf1 Rg2 99. Rxf4 Kg3 100. Rg4+ Kh2 101. Rh4 Kg3 102. Rg4+ Kxf3 103. Rxg2 hxg2+ 104. Kg1 Kg3 1/2-1/2


[Site "https://www.chess.com"]

[Event "Titled Tuesday Blitz August 22 Early 2023"]
[White "Paravyan, David"]
[Black "Paichadze, Luka"]
[WhiteFideId "4194985"]
[BlackFideId "13602934"]
[WhiteElo "2970"]
[BlackElo "2831"]
[Result "1-0"]
[Round "4"]
[TimeControl "180+1"]
[Date "2023.08.22"]
[WhiteClock "0:00:16"]
[BlackClock "0:00:00"]
[Board "16"]

1. Nf3 Nf6 2. c4 e6 3. Nc3 Bb4 4. g4 d6 5. g5 Nfd7 6. h4 Nc6 7. Na4 a5 8. a3 Bc5 9. d4 Ba7 10. Be3 e5 11. d5 Ne7 12. Bxa7 Rxa7 13. Bh3 b6 14. Nc3 Ba6 15. Nd2 O-O 16. h5 f5 17. gxf6 Nxf6 18. Be6+ Kh8 19. h6 g6 20. Qc2 Bc8 21. Nde4 Nxe4 22. Nxe4 Bxe6 23. dxe6 Nf5 24. e3 Qe7 25. O-O-O Qxe6 26. Kb1 Raa8 27. Qd3 Rae8 28. Nc3 Rf7 29. Nd5 Ref8 30. f4 c6 31. Nxb6 Rb7 32. c5 d5 33. Qc3 Kg8 34. fxe5 Re8 35. e4 dxe4 36. Nc4 Reb8 37. Nb6 e3 38. Rhe1 Re7 39. Rd6 Nxd6 40. exd6 Rf7 41. d7 g5 42. Qd3 Rd8 43. Rxe3 Qg6 44. Re8+ Rf8 45. Qxg6+ hxg6 46. Re7 Rf7 47. Re8+ Rf8 48. Re6 Kf7 49. Rxc6 Ke7 50. Rxg6 1-0


[Site "https://www.chess.com"]

[Event "Titled Tuesday Blitz August 22 Early 2023"]
[White "Tari, Aryan"]
[Black "Klukin, Kirill"]
[WhiteFideId "1510045"]
[BlackFideId "24199273"]
[WhiteElo "2960"]
[BlackElo "2821"]
[Result "0-1"]
[Round "4"]
[TimeControl "180+1"]
[Date "2023.08.22"]
[WhiteClock "0:00:00"]
[BlackClock "0:00:24"]
[Board "17"]

1. e4 c5 2. Nf3 g6 3. c4 Bg7 4. d4 cxd4 5. Nxd4 Nc6 6. Be3 Nf6 7. Nc3 d6 8. Be2 O-O 9. O-O Bd7 10. Nc2 Rc8 11. Rc1 a6 12. f4 Na5 13. Na3 b5 14. cxb5 axb5 15. Naxb5 Nc4 16. Bxc4 Rxc4 17. b3 Rb4 18. Qd3 Nxe4 19. Nd4 Nf6 20. h3 Qa8 21. a4 e5 22. fxe5 dxe5 23. Ndb5 Rxb3 24. Bg5 Qxa4 25. Bxf6 Bxb5 26. Qd6 Qd4+ 27. Qxd4 exd4 28. Nxb5 Rxb5 29. Bxg7 Kxg7 30. Rc7 Rd5 31. Rd1 d3 32. Rb7 Rfd8 33. Kf2 h5 0-1


[Site "https://www.chess.com"]

[Event "Titled Tuesday Blitz August 22 Early 2023"]
[White "Kramnik, Vladimir"]
[Black "Preotu, Razvan"]
[WhiteFideId "4101588"]
[BlackFideId "2613280"]
[WhiteElo "2933"]
[BlackElo "2715"]
[Result "1-0"]
[Round "4"]
[TimeControl "180+1"]
[Date "2023.08.22"]
[WhiteClock "0:00:06"]
[BlackClock "0:00:01"]
[Board "18"]

1. e4 c5 2. Nf3 d6 3. d4 cxd4 4. Nxd4 Nf6 5. Nc3 a6 6. Bc4 e6 7. Be3 b5 8. Bb3 Be7 9. a3 O-O 10. f3 Bb7 11. Qe2 Nc6 12. O-O-O Nd7 13. Kb1 Qc7 14. h4 Nc5 15. Ba2 Rab8 16. Nf5 b4 17. Nd5 exd5 18. exd5 Ne5 19. Bxc5 Qxc5 20. Nxe7+ Kh8 21. axb4 Qxb4 22. Qd2 Qb5 23. Qd4 Qd7 24. f4 Ng4 25. Rhe1 Rfe8 26. Nc6 Bxc6 27. dxc6 Qxc6 28. Bxf7 Rxe1 29. Rxe1 Nf6 30. Bb3 a5 31. g3 h5 32. Qc4 Qxc4 33. Bxc4 d5 34. Bd3 Rb4 35. Re5 Kg8 36. c3 Rb6 37. Kc2 Kf7 38. b3 Rd6 39. c4 dxc4 40. Bxc4+ Kf8 41. Rxa5 Ne4 42. Rf5+ Nf6 43. b4 g6 44. Re5 Nd7 45. Re6 Rd4 46. Kc3 Rd1 47. Rxg6 Rc1+ 48. Kb3 Ke7 49. Re6+ Kd8 50. f5 Rg1 51. Re3 Nf6 52. Be6 Ng4 53. Rc3 Ke7 54. b5 Ne5 55. Kb4 Rb1+ 56. Kc5 Ng4 57. b6 Nf6 58. Kc6 Ne4 59. Rc4 Nd6 60. Rc5 Ne4 61. Rc2 Nd6 62. Rc3 Ne4 63. Re3 Nf6 64. Ba2+ 1-0


[Site "https://www.chess.com"]

[Event "Titled Tuesday Blitz August 22 Early 2023"]
[White "Demchenko, Anton"]
[Black "Papasimakopoulos, Alexandros"]
[WhiteFideId "4160258"]
[BlackFideId "4244125"]
[WhiteElo "2928"]
[BlackElo "2704"]
[Result "1-0"]
[Round "4"]
[TimeControl "180+1"]
[Date "2023.08.22"]
[WhiteClock "0:00:06"]
[BlackClock "0:00:12"]
[Board "19"]

1. e4 e6 2. d4 d5 3. Nd2 Nf6 4. e5 Nfd7 5. c3 c5 6. f4 Nc6 7. Ndf3 cxd4 8. cxd4 a5 9. Bd3 a4 10. a3 Nb6 11. Ne2 Na5 12. O-O g6 13. Nc3 Bd7 14. g4 h5 15. f5 exf5 16. gxf5 Bxf5 17. Bxf5 gxf5 18. Kh1 Be7 19. Qd3 Qd7 20. Bg5 Nbc4 21. Bxe7 Qxe7 22. Nxd5 Qd8 23. Nf6+ Kf8 24. Rae1 Ra6 25. Qxf5 Rh6 26. Ng5 Qe7 27. Ngh7+ Rxh7 28. Qxh7 Qd8 29. Ne4 Qd5 30. Rf6 Rxf6 31. exf6 Ke8 32. Kg1 Kd7 33. Qg7 Nc6 34. Nc5+ Kc7 35. Qg3+ Kb6 36. Nxa4+ Ka7 37. Nc3 Qf5 38. Qf2 Qg4+ 39. Kh1 Ka6 40. Re4 Qg5 41. d5 N6e5 42. Na4 Qc1+ 43. Re1 Qg5 44. Nc5+ Ka7 45. Ne4+ Qe3 46. Rxe3 Ng4 47. Qc2 Ncxe3 48. Qa4+ Kb8 49. Qe8+ Ka7 50. d6 Nf2+ 51. Nxf2 1-0


[Site "https://www.chess.com"]

[Event "Titled Tuesday Blitz August 22 Early 2023"]
[White "Zhigalko, Sergei"]
[Black "Sharan, Rao"]
[WhiteFideId "13502956"]
[BlackFideId "5073464"]
[WhiteElo "2928"]
[BlackElo "2656"]
[Result "1-0"]
[Round "4"]
[TimeControl "180+1"]
[Date "2023.08.22"]
[WhiteClock "0:00:04"]
[BlackClock "0:00:00"]
[Board "20"]

1. e4 e6 2. d4 d5 3. e5 c5 4. c3 Nc6 5. Nf3 Qb6 6. Bd3 cxd4 7. O-O Bd7 8. Re1 a5 9. cxd4 Nxd4 10. Nxd4 Qxd4 11. Nc3 Rc8 12. Nb5 Qb6 13. Be3 Qd8 14. Rc1 Bb4 15. Qg4 Kf8 16. Rxc8 Qxc8 17. Rc1 Bc6 18. a3 Be7 19. Na7 Qd7 20. Nxc6 bxc6 21. Qa4 g6 22. Qxc6 Qxc6 23. Rxc6 Kg7 24. Bd2 Nh6 25. Bxa5 Rb8 26. b4 Ng4 27. Bc7 Ra8 28. Ba6 Bd8 29. Bd6 f6 30. exf6+ Bxf6 31. h3 Nh6 32. b5 Nf5 33. Bb4 Nd4 34. Rc7+ Kh6 35. Kf1 e5 36. Rd7 Rc8 37. Bxc8 1-0


[Site "https://www.chess.com"]

[Event "Titled Tuesday Blitz August 22 Early 2023"]
[White "TimGrutter03"]
[Black "Sjugirov, Sanan"]
[BlackFideId "4189302"]
[WhiteElo "2594"]
[BlackElo "2921"]
[Result "0-1"]
[Round "4"]
[TimeControl "180+1"]
[Date "2023.08.22"]
[WhiteClock "0:00:11"]
[BlackClock "0:00:25"]
[Board "21"]

1. Nf3 d5 2. c4 e6 3. g3 Nf6 4. Bg2 dxc4 5. Qa4+ Bd7 6. Qxc4 c5 7. O-O Bc6 8. Qc2 Nbd7 9. a3 Be7 10. b3 O-O 11. Bb2 Rc8 12. d3 b5 13. Nbd2 Nb6 14. Rac1 Ba8 15. Qb1 a5 16. Rfd1 a4 17. bxa4 Nxa4 18. Ba1 Rb8 19. Ne4 Nxe4 20. dxe4 Qc8 21. Ne5 Rd8 22. Rxd8+ Qxd8 23. Rd1 Qe8 24. Qc2 c4 25. h4 Bxa3 26. h5 h6 27. Ng4 Rd8 28. e5 Bxg2 29. Kxg2 Bf8 30. e3 Rxd1 31. Qxd1 b4 32. Qd4 Qc6+ 33. f3 c3 34. Qd1 c2 35. Qc1 b3 0-1


[Site "https://www.chess.com"]

[Event "Titled Tuesday Blitz August 22 Early 2023"]
[White "Nakamura, Hikaru"]
[Black "Leiva, Gianmarco"]
[WhiteFideId "2016192"]
[BlackFideId "3804399"]
[WhiteElo "3217"]
[BlackElo "2736"]
[Result "1-0"]
[Round "4"]
[TimeControl "180+1"]
[Date "2023.08.22"]
[WhiteClock "0:01:06"]
[BlackClock "0:00:03"]
[Board "22"]

1. Nf3 Nf6 2. b3 d5 3. g3 e6 4. Bg2 b6 5. d3 Bb7 6. O-O Be7 7. c4 c5 8. e3 O-O 9. Qe2 Qc8 10. Bb2 Nbd7 11. Rc1 Bc6 12. cxd5 Bxd5 13. Nbd2 Qa6 14. e4 Bc6 15. h3 Qb7 16. Nc4 Rad8 17. a4 Qb8 18. a5 b5 19. Ne3 a6 20. b4 c4 21. dxc4 Bxe4 22. c5 Nd5 23. Nxd5 Bxd5 24. c6 Bc4 25. Rxc4 bxc4 26. cxd7 Qxb4 27. Ne5 Bf6 28. Rc1 Qb5 29. Bc6 Qxa5 30. Rxc4 Rb8 31. Bc3 Rb1+ 32. Kh2 Qb6 33. Be4 Rc1 34. Bd4 Qb5 35. Bxh7+ Kxh7 36. Qe4+ Kg8 37. Rxc1 1-0


[Site "https://www.chess.com"]